 Dungeon Crawl Stone Soup version 0.25-a0-404-gc1b5a34292 (webtiles) character file.

Game seed: 16358008469862054455, levelgen mode: deterministic

2440 DerDa the Magician (level 9, 0/45 HPs)
             Began as a Gargoyle Earth Elementalist on Jan 10, 2020.
             Was an Initiate of Sif Muna.
             Slain by a two-headed ogre
             ... wielding a +0 giant club
              (14 damage)
             ... on level 7 of the Dungeon.
             The game lasted 00:16:39 (4628 turns).

DerDa the Magician (Gargoyle Earth Elementalist)    Turns: 4628, Time: 00:16:39

Health: 0/45       AC: 13    Str: 12    XL:     9   Next: 49%
Magic:  19/20      EV: 12    Int: 19    God:    Sif Muna [......]
Gold:   427        SH:  0    Dex: 15    Spells: 13/23 levels left

rFire    . . .     SeeInvis .   G - +2 war axe (chop)
rCold    . . .     Gourm    .   (no shield)
rNeg     + . .     Faith    .   y - +0 leather armour
rPois    ∞         Spirit   .   (no helmet)
rElec    +         Reflect  .   (no cloak)
rCorr    .         Harm     .   k - +2 pair of gloves
MR       .....                  (no boots)
Stlth    +.........             j - amulet of magic regeneration
HPRegen  0.15/turn              h - ring of attention (curse)
MPRegen  0.42/turn              D - +5 ring of dexterity

@: no status effects
A: negative energy resistance 1, electricity resistance, unbreathing,
petrification resistance, rot immunity, AC +6
a: Renounce Religion


You were on level 7 of the Dungeon.
You worshipped Sif Muna.
Sif Muna was noncommittal.
You were not hungry.

You visited 2 branches of the dungeon, and saw 8 of its levels.

You collected 427 gold pieces.

Inventory:

Hand Weapons
 G - a +2 war axe of chopping (weapon)
Missiles
 b - 50 stones (quivered)
 n - 22 poisoned darts
Armour
 c - a +0 robe
 g - a cursed +0 leather armour
 k - a +2 pair of gloves (worn)
 y - a +0 leather armour (worn)
Jewellery
 h - a cursed ring of attention (left hand)
 j - an amulet of magic regeneration (around neck)
 D - a +5 ring of dexterity (right hand)
Wands
 A - a wand of flame (17)
Scrolls
 a - 2 scrolls of amnesia {unknown}
 e - a scroll of magic mapping {unknown}
 f - 2 scrolls of immolation {unknown}
 i - 3 scrolls of enchant weapon {unknown}
 m - 7 scrolls of identify {unknown}
 o - 2 scrolls of teleportation {unknown}
 q - a scroll of fog {unknown}
 t - 2 scrolls of noise {unknown}
 u - a scroll of random uselessness {unknown}
 z - a scroll of enchant armour {unknown}
 B - 3 scrolls of remove curse {unknown}
 C - 2 scrolls of blinking {unknown}
 F - a scroll of summoning {unknown}
Potions
 l - 3 potions of haste {unknown}
 p - 3 potions of curing {unknown}
 r - a potion of agility {unknown}
 s - a potion of degeneration {unknown}
 v - 3 potions of heal wounds {unknown}
 w - 2 potions of resistance {unknown}
 x - 2 potions of brilliance {unknown}
Comestibles
 d - 11 rations
 E - 7 chunks of flesh


   Skills:
 + Level 4.8 Armour
 - Level 1.5 Dodging
 - Level 2.1 Stealth
 * Level 7.9 Spellcasting
 + Level 5.5 Conjurations
 + Level 1.7 Transmutations
 + Level 7.8 Earth Magic


You had 13 spell levels left.
You knew the following spells:

 Your Spells              Type           Power        Failure   Level  Hunger
a - Sandblast             Erth           #####.       1%          1    None
b - Stone Arrow           Conj/Erth      ####..       2%          3    None
c - Petrify               Tmut/Erth      ####....     16%         4    ###....
w - Passwall              Tmut/Erth      ####....     2%          2    None

Your spell library contained the following spells:

 Spells                   Type           Power        Failure   Level  Hunger
 Lee's Rapid Deconstruct  Erth           #####.....   13%         5    #####..


Dungeon Overview and Level Annotations

Branches:
Dungeon (7/15)             Temple (1/1) D:4

Altars:
Ashenzari
Cheibriados
Dithmenos
Elyvilon
Gozag
Hepliaklqana
Makhleb
Okawaru
Qazlal
Sif Muna
Trog
Vehumet
Wu Jian
Xom
Yredelemnul
Zin
The Shining One
Lugonu


Innate Abilities, Weirdness & Mutations

You are resistant to torment.
Your stone body is resilient. (AC +6)
You are immune to poison.
You resist negative energy. (rN+)
You are resistant to electric shocks. (rElec)
You can survive without breathing.
You are immune to petrification.
You are immune to rotting.


Message History

Casting: Sandblast (safe; 1% risk of failure)
Confirm with . or Enter, or press ? or * to list all spells.
Aiming: Sandblast (safe; 1% risk of failure)
Press: ? - help, Shift-Dir - straight line, f - two-headed ogre
Aim: a two-headed ogre, wielding a +0 giant club and a +0 giant spiked club The blast of sand hits the two-headed ogre!
The two-headed ogre is moderately wounded.
b - 51 stones The two-headed ogre hits you with a +0 giant club!
The two-headed ogre closely misses you.
Casting: Sandblast (safe; 1% risk of failure)
Confirm with . or Enter, or press ? or * to list all spells.
Aiming: Sandblast (safe; 1% risk of failure)
Press: ? - help, Shift-Dir - straight line, f/p - two-headed ogre
Aim: a two-headed ogre, wielding a +0 giant club and a +0 giant spiked club (moderately wounded)
The blast of sand hits the two-headed ogre!
The two-headed ogre is heavily wounded.
b - 50 stones The two-headed ogre hits you with a +0 giant club!
You die...

###### ######## #.....
#......# #..... #......#
#..... #......# ###...[.
#......# #.......
#.O@...######.#.....
#......##...........
#......#..#...######
####.#.##.##.### #
#....#.##.##.###### # .##
###.####....##......# #
....#......%.#####......#
#
#............###.......#
.
..........O.............#
#


You could see a two-headed ogre.

Vanquished Creatures
  Sigmund (D:6)
  Eustachio (D:4)
  2 hungry ghosts
  A water moccasin (D:5)
  A black bear (D:7)
  An ogre (D:6)
  2 phantoms
  Blork the orc (D:5)
  3 bullfrogs
  A scorpion (D:5)
  4 howler monkeys
  2 quasits (D:6)
  2 jellies
  4 orc priests
  5 hounds
  2 iguanas
  6 worker ants
  3 orc wizards
  A hound zombie (D:6)
  4 hound skeletons
  A mummy (D:5)
  11 adders
  3 oozes
  2 adder zombies (D:6)
  3 adder skeletons
  4 worms
  2 leopard geckos
  26 orcs
  2 ball pythons
  A giant cockroach (D:3)
  7 goblins
  6 hobgoblins
  5 jackals
  9 kobolds
  2 quokkas
  5 bats
  3 frilled lizards
  A quokka skeleton (D:6)
  6 rats
146 creatures vanquished.

Notes
Turn   | Place    | Note
-------+----------+-------------------------------------------
     0 | D:1      | DerDa the Gargoyle Earth Elementalist began the quest for
                  | the Orb.
     0 | D:1      | Reached XP level 1. HP: 10/10 MP: 3/3
   252 | D:1      | Reached XP level 2. HP: 15/15 MP: 1/5
   872 | D:2      | Reached XP level 3. HP: 19/19 MP: 4/7
  1295 | D:2      | Reached XP level 4. HP: 24/24 MP: 6/9
  1341 | D:2      | Learned a level 3 spell: Stone Arrow
  1344 | D:2      | Learned a level 2 spell: Passwall
  1349 | D:2      | Learned a level 4 spell: Petrify
  1375 | D:2      | Reached XP level 5. HP: 28/28 MP: 6/11
  1713 | D:3      | Reached skill level 1 in Conjurations
  1814 | D:3      | Reached skill level 5 in Earth Magic
  2140 | D:4      | Noticed Eustachio
  2154 | D:4      | Killed Eustachio
  2154 | D:4      | Reached XP level 6. HP: 30/32 MP: 5/13
  2194 | D:4      | Reached skill level 5 in Spellcasting
  2208 | D:4      | Found a staircase to the Ecumenical Temple.
  2217 | Temple   | Entered the Ecumenical Temple
  2266 | D:4      | Noticed a phantom
  2285 | D:4      | Killed a phantom
  2285 | D:4      | Reached skill level 1 in Armour
  2285 | D:4      | Reached XP level 7. HP: 36/36 MP: 8/14
  2387 | D:4      | Noticed a hungry ghost
  2390 | D:4      | Killed a hungry ghost
  2525 | D:4      | Found a bloodstained altar of Trog.
  2730 | D:5      | Entered Level 5 of the Dungeon
  2750 | D:5      | Noticed Blork the orc
  2762 | D:5      | Killed Blork the orc
  2825 | D:5      | Found a shattered altar of Ashenzari.
  2832 | D:5      | Reached XP level 8. HP: 41/41 MP: 13/17
  3049 | D:5      | Found a bloodstained altar of Trog.
  3257 | D:5      | Found an iron altar of Okawaru.
  3388 | D:5      | Found a snail-covered altar of Cheibriados.
  3433 | D:5      | Found a shadowy altar of Dithmenos.
  3433 | D:5      | Found a radiant altar of Vehumet.
  3438 | D:5      | Found a basalt altar of Yredelemnul.
  3440 | D:5      | Found a burning altar of Makhleb.
  3442 | D:5      | Found a glowing golden altar of the Shining One.
  3778 | D:6      | Noticed Sigmund
  4028 | D:6      | Killed Sigmund
  4028 | D:6      | Reached XP level 9. HP: 37/45 MP: 13/19
  4076 | D:6      | Reached skill level 5 in Conjurations
  4127 | D:6      | Found a shimmering blue altar of Sif Muna.
  4138 | D:6      | Became a worshipper of Sif Muna the Loreminder
  4152 | D:6      | Found a stormy altar of Qazlal.
  4278 | D:6      | Reached skill level 1 in Transmutations
  4580 | D:7      | Noticed a two-headed ogre
  4628 | D:7      | Slain by a two-headed ogre

Levels and vault maps discovered:
D:1:      dpeg_arrival_oval, layout_loops_corners
D:2:      wander_river, layout_basic, first_ration
D:3:      layout_rooms
D:4:      layout_loops_cross, minmay_temple_entry_crystal_x,
          kennysheep_small_circle, uniq_eustachio
D:5:      layout_basic, lemuel_crystal_altar, okawaru_metal_pillars_1_2,
          evilmike_ruin_ashenzari, chequers_temple_overflow_minitemple,
          slow_altar_2, st_stairs_9, uniq_blork_the_orc
D:6:      layout_rooms, lemuel_crystal_altar, nicolae_qazlal_eye_of_the_storm,
          uniq_sigmund
D:7:      layout_rooms, tgw_fedhas
Temple:   corrupted_temple

Skill      XL: |  1  2  3  4  5  6  7  8  9 |
---------------+----------------------------+-----
Earth Magic    | 4 5 6 7 |  7.8
Spellcasting   | 3 4 5 6 7 |  7.9
Conjurations   | 2 3 4 5 |  5.5
Armour         | 1 2 4 |  4.8
Transmutations | 1 |  1.7
Dodging        | |  1.5
Stealth        | |  2.1

Action                   |  1- 3 |  4- 6 |  7- 9 || total
-------------------------+-------+-------+-------++-------
Melee: Club              |     1 |     1 |       ||     2
       Hand axe          |       |       |    17 ||    17
       War axe           |       |       |    11 ||    11
 Cast: Sandblast         |    43 |    69 |   105 ||   217
       Stone Arrow       |       |       |    45 ||    45
  Eat: Chunk             |     1 |     3 |    10 ||    14
Armor: Robe              |     4 |    11 |       ||    15
       Leather armour    |       |     5 |    33 ||    38
Dodge: Dodged            |     5 |     9 |    45 ||    59

Table legend:
 A = Non-vault XP
 B = Vault XP
 C = Vault XP percentage of total XP
 D = Non-vault monster count
 E = Vault monster count
 F = Vault count percentage of total count
                 A         B        C        D         E       F
            +---------+---------+-------+---------+---------+-------
      Total |    2904 |     583 |  16.7 |     138 |       8 |   5.5
            +---------+---------+-------+---------+---------+-------
        D:1 |      26 |       0 |   0.0 |      14 |       0 |   0.0
        D:2 |     171 |       0 |   0.0 |      28 |       0 |   0.0
        D:3 |      60 |       0 |   0.0 |      17 |       0 |   0.0
        D:4 |     560 |     253 |  31.1 |      16 |       3 |  15.8
        D:5 |     576 |     122 |  17.5 |      16 |       4 |  20.0
        D:6 |     818 |     208 |  20.3 |      33 |       1 |   2.9
        D:7 |     693 |       0 |   0.0 |      14 |       0 |   0.0
            +---------+---------+-------+---------+---------+-------
